 Dungeon Crawl Stone Soup version 0.29-a0-409-gd843f3a48c (console) character file.

Game seed: 3248224420497573209

359 petzl the Vexing (level 6, -2/46 HPs)
             Began as a Formicid Arcane Marksman on May 13, 2022.
             Slain by Pikel
             ... wielding a +2 whip of flaming
              (3 damage)
             ... on level 4 of the Dungeon.
             The game lasted 00:17:53 (6204 turns).

petzl the Vexing (Formicid Arcane Marksman)         Turns: 6204, Time: 00:17:55

Health: -2/46      AC:  3    Str: 15    XL:     6   Next: 98%
Magic:  8/9        EV: 12    Int: 14    God:
Gold:   158        SH:  0    Dex: 11    Spells: 7/9 levels left

rFire   . . .      SeeInvis +   a - +0 hand crossbow
rCold   . . .      Faith    .   (no shield)
rNeg    . . .      Spirit   .   e - +0 leather armour
rPois   .          Reflect  .   (helmet unavailable)
rElec   .          Harm     .   (no cloak)
rCorr   +          Rampage  .   (no gloves)
Will    .....                   (no boots)
Stlth   ++........              (no amulet)
HPRegen 0.15/turn               u - ring of resist corrosion
MPRegen 0.11/turn               (no ring)

@: no status effects
A: permanent stasis, dig shafts and tunnels, antennae 3, four strong arms
a: Dig, Shaft Self


You were on level 4 of the Dungeon.
You visited 1 branch of the dungeon, and saw 5 of its levels.

You collected 158 gold pieces.

Inventory:

Hand Weapons
 a - a +0 hand crossbow (weapon)
 v - a +0 rapier
Missiles
 s - a throwing net
Armour
 e - a +0 leather armour (worn)
Magical Staves
 f - a staff of conjuration
 p - a staff of poison
Jewellery
 u - a ring of resist corrosion (left hand)
Wands
 l - a wand of iceblast (6)
 x - a wand of digging (5)
Scrolls
 b - a scroll of summoning {unknown}
 c - 2 scrolls of vulnerability
 g - a scroll of enchant armour {unknown}
 h - 2 scrolls of poison {unknown}
 i - a scroll of immolation {unknown}
 j - a scroll of amnesia {unknown}
 k - a scroll of enchant weapon {unknown}
 n - a scroll of magic mapping {unknown}
 t - a scroll of identify {unknown}
Potions
 d - 2 potions of curing
 m - 2 potions of flight {unknown}
 o - 2 potions of degeneration {unknown}
 q - a potion of lignification {unknown}
 r - a potion of cancellation {unknown}
 w - 2 potions of haste
 z - a potion of heal wounds {unknown}


   Skills:
 + Level 2.5 Fighting
 + Level 2.8 Crossbows
 + Level 2.2 Armour
 + Level 2.7 Dodging
 + Level 2.3 Stealth
 + Level 2.2 Spellcasting
 * Level 2.2 Conjurations
 - Level 3.6 Hexes
 + Level 0.9 Air Magic
 + Level 1.6 Evocations


You had 7 spell levels left.
You knew the following spells:

 Your Spells              Type           Power      Damage    Failure   Level
a - Slow                  Hex            44%        N/A       6%          1
b - Shock                 Conj/Air       24%        1d4       16%         1

Your spell library contained the following spells:

 Spells                   Type           Power      Damage    Failure   Level
 Apportation              Tloc           2%         N/A       28%         1
 Inner Flame              Hex/Fire       6%         N/A       38%         3
 Portal Projectile        Hex/Tloc       12%        N/A       38%         3
 Sublimation of Blood     Necr           1%         N/A       41%         2
 Wereblood                Tmut           1%         N/A       41%         2
 Cause Fear               Hex            5%         N/A       54%         4
 Airstrike                Air            2%         N/A       89%         4
 Alistair's Intoxication  Tmut/Pois      0%         N/A       100%        5
 Summon Hydra             Summ           0%         N/A       100%        7
 Swiftness                Air            Unusable   N/A       N/A         3

Dungeon Overview and Level Annotations

Branches:
Dungeon (5/15)
 Temple: D:4-7

Altars:
Makhleb
Qazlal

Annotations:
D:2 Sigmund
D:4 exclusion: 2 downstairs, Pikel
D:5 Ijyb


Innate Abilities, Weirdness & Mutations

You cannot be hasted, slowed, berserked, paralysed or teleported.
You can dig through walls and to a lower floor.
You have a pair of large antennae on your head. (SInv)
Your four strong arms can wield two-handed weapons with a shield.


Message History

Pikel drinks a potion.
Pikel seems to speed up.
You climb upwards.
Level annotation: exclusion: 2 downstairs
There is a stone staircase leading down here.
Casting: Slow (safe; 6% risk of failure)
Confirm with . or Enter, or press ? or * to list all spells.
Aiming: Slow (safe; 6% risk of failure)
Press: ? - help, Shift-Dir - straight line, f - Pikel
Aim: Pikel, wielding a +2 whip of flaming and wearing a +0 robe (fast, chance to affect: 50%) Pikel resists with some effort.
Pikel hits you with a +2 whip of flaming!
Pikel burns you.
* * * LOW HITPOINT WARNING * * *
It was a potion of curing.
You feel better. Pikel completely misses you.
Pikel hits you with a +2 whip of flaming.
Pikel burns you.
You feel better.
Pikel hits you with a +2 whip of flaming!
Pikel burns you.
* * * LOW HITPOINT WARNING * * *
Pikel hits you with a +2 whip of flaming.
* * * LOW HITPOINT WARNING * * *
Pikel burns you.
* * * LOW HITPOINT WARNING * * *
Unknown command.
Unknown command.
You feel better.
Pikel hits you with a +2 whip of flaming.
* * * LOW HITPOINT WARNING * * *
Pikel burns you.
* * * LOW HITPOINT WARNING * * *
You feel better.
Pikel hits you with a +2 whip of flaming.
* * * LOW HITPOINT WARNING * * *
Pikel burns you.
* * * LOW HITPOINT WARNING * * *
Pikel hits you with a +2 whip of flaming.
* * * LOW HITPOINT WARNING * * *
Pikel burns you.
You die...

###### ####### ## #..).# ##.....##### #. #....#
##.#K...#...# #. #....# #.##@...#...# #.
########....##########......≈..######### ####.
##.....###'#....#..##..#≈^.§##^..#.....# ##..#.
........#..+....#.....###≈..#≈^≈.#....## #...#.
........'..#....#.....#^#..^≈.#≈§#....# #...#.
####'#######....#..##≈...^.^≈.≈≈.###.########..#.
...........######..#..§..._§§....###.#......#..#.
...........#...#....§.§≈...^§§^........#....#..#.
...........#...#......###≈..≈≈#........#....#..#†
...........#...#.....^###≈.≈.#.§§......+....'..#.
...........#'########^..#..^##.^#.###..#....####.
.#########............^.≈^.≈≈..######..###......#
.#...#...#.†................#............#......#
.'...#...'.>................#............#......#
.#...#####..................#......##'####......#
.#...#.........##'#..[......##+##..#....<.......#
)#...'......^..#..#.............##+#....÷.......#
.#####.........#..#.............................#
...............####........?..............##+###.


You could see Pikel (fast).

Vanquished Creatures
  A lemure (D:4)
  A scorpion (D:4)
  2 howler monkeys (D:4)
  An orc priest (D:2)
  An orc wizard (D:3)
  5 adders
  7 worms
  3 dart slugs
  8 orcs
  6 bats
  9 endoplasms
  5 giant cockroaches
  7 goblins
  7 hobgoblins
  5 jackals (D:4)
  9 kobolds
  2 quokkas (D:1)
  5 ball pythons
  2 frilled lizards
  8 rats
94 creatures vanquished.

Vanquished Creatures (others)
  6 plants (D:1)
6 creatures vanquished.

Grand Total: 100 creatures vanquished

Notes
Turn   | Place    | Note
-------+----------+-------------------------------------------
     0 | D:1      | petzl the Formicid Arcane Marksman began the quest for the
                  | Orb.
     0 | D:1      | Reached XP level 1. HP: 15/15 MP: 2/2
    85 | D:1      | Reached XP level 2. HP: 21/21 MP: 3/3
   442 | D:1      | Reached skill level 1 in Stealth
   442 | D:1      | Reached XP level 3. HP: 26/26 MP: 5/5
   454 | D:1      | Found a faded altar of an unknown god.
   556 | D:1      | Reached skill level 1 in Armour
   764 | D:2      | Noticed Sigmund
  1735 | D:2      | Reached XP level 4. HP: 19/32 MP: 6/6
  2273 | D:2      | Reached skill level 1 in Conjurations
  2273 | D:2      | Reached XP level 5. HP: 38/38 MP: 5/7
  2346 | D:2      | Learned a level 1 spell: Shock
  2382 | D:2      | You fall into a shaft and drop 2 floors!
  2382 | D:4      | Found a stormy altar of Qazlal.
  3279 | D:4      | Reached skill level 1 in Evocations
  3775 | D:5      | Entered Level 5 of the Dungeon
  3775 | D:5      | Noticed Pikel
  3775 | D:5      | Noticed a lemure
  3775 | D:5      | Noticed a lemure
  3776 | D:5      | Noticed a lemure
  3800 | D:5      | Noticed a phantom
  4044 | D:3      | Reached XP level 6. HP: 42/44 MP: 9/9
  4214 | D:3      | You fall into a shaft and drop 2 floors!
  4576 | D:3      | Found a burning altar of Makhleb.
  5835 | D:5      | Noticed Ijyb
  6204 | D:4      | HP: 1/46 [Pikel/+2 whip of flaming (6)]
  6204 | D:4      | Slain by Pikel

Illustrated notes

Levels and vault maps discovered:
D:1:      psy_arrival_fountain, layout_rooms,
          dreamdust_ecumenical_altar_statues, hex_medium,
          hangedman_decor_slide_cut, serial_bayou_pond_b
D:2:      layout_loops_ring, chequers_serial_rivers_room_b, uniq_sigmund
D:3:      layout_loops_cross, overflow_temple_1_default
D:4:      layout_gridville, grunt_qazlal_sundering, grunt_decor_junction,
          nicolae_wormholes
D:5:      layout_cave_pools, hex_tiny, uniq_prince_ribbit1,
          uniq_crazy_yiuf_cottage, uniq_ijyb, uniq_pikel

Skill      XL: |  1  2  3  4  5  6 |
---------------+-------------------+-----
Dodging        | 2 |  2.7
Stealth        | 1 2 |  2.3
Armour         | 1 2 |  2.2
Fighting       | 2 |  2.5
Conjurations   | 1 2 |  2.2
Evocations     | 1 |  1.6
Spellcasting   | 2 |  2.2
Crossbows      | |  2.8
Hexes          | |  3.6
Air Magic      | |  0.9

Action                   |  1- 3 |  4- 6 || total
-------------------------+-------+-------++-------
Melee: Staff             |       |    26 ||    26
 Fire: Hand crossbow     |   142 |   281 ||   423
 Cast: Slow              |     9 |    46 ||    55
 Abil: Dig               |     1 |     3 ||     4
       Shaft Self        |       |     1 ||     1
Evoke: Wand              |       |     4 ||     4
  Use: Scroll            |       |     3 ||     3
       Potion            |       |     4 ||     4
Armor: Robe              |    11 |     2 ||    13
       Leather armour    |       |    27 ||    27
Dodge: Dodged            |    36 |   111 ||   147

Table legend: (Time is in decaauts)
 A = Elapsed time spent in this place.
 B = Non-inter-level travel time spent in this place.
 C = Inter-level travel time spent in this place.
 D = Time resting spent in this place.
 E = Time spent auto-exploring this place.
 F = Levels seen in this place.
 G = Mean time per level.
                   A        B        C        D        E       F      G
               +--------+--------+--------+--------+--------+-----+--------+
         Total |   6397 |   6059 |    338 |   2467 |   2196 |   5 | 1279.4 |
       Dungeon |   6397 |   6059 |    338 |   2467 |   2196 |   5 | 1279.4 |
               +--------+--------+--------+--------+--------+-----+--------+

Top non-repeatable levels by time:
     D:4: 2477 daAuts
     D:3: 1438 daAuts
     D:2: 1333 daAuts
     D:1: 1108 daAuts
     D:5: 39 daAuts
